 Dungeon Crawl Stone Soup version 0.28-a0-726-g4a9143789a (webtiles) character file.

Game seed: 1072205034474916272

2353 oldriver the Cleaver (level 9, -11/81 HPs)
             Began as a Minotaur Berserker on Oct 27, 2021.
             Was a High Priest of Trog.
             Shot with an arrow by a centaur (12 damage)
             ... on level 7 of the Dungeon.
             The game lasted 00:07:41 (10095 turns).

oldriver the Cleaver (Minotaur Berserker)          Turns: 10095, Time: 00:07:41

Health: -11/81     AC:  5    Str: 21    XL:     9   Next: 20%
Magic:  8/8        EV: 14    Int: 10    God:    Trog [*****.]
Gold:   435        SH:  0    Dex: 14    Spells: 8/8 levels left

rFire   + . .      SeeInvis .   a - +1 hand axe
rCold   + . .      Faith    .   (no shield)
rNeg    . . .      Spirit   .   u - +1 robe {rC+}
rPois   .          Reflect  .   (helmet restricted)
rElec   .          Harm     .   j - scarf {+Inv}
rCorr   .          Rampage  .   (no gloves)
Will    .....                   y - +1 pair of boots
Stlth   ++........              l - amulet of magic regeneration
HPRegen 0.23/turn               t - ring of protection from fire
MPRegen 0.36/turn               x - +6 ring of intelligence

@: studying Unarmed Combat
A: horns 2, retaliatory headbutt
a: Renounce Religion, Evoke Invisibility, Berserk, Trog's Hand, Brothers in Arms


You were on level 7 of the Dungeon.
You worshipped Trog.
Trog was extremely pleased with you.
You visited 1 branch of the dungeon, and saw 7 of its levels.
You also visited: Sewer.

You collected 435 gold pieces.

Inventory:

Hand Weapons
 a - a +1 hand axe (weapon)
Armour
 j - a scarf of invisibility (worn)
 u - a +1 robe of cold resistance (worn)
 y - a +1 pair of boots (worn)
Jewellery
 l - an amulet of magic regeneration (around neck)
 t - a ring of protection from fire (left hand)
 x - a +6 ring of intelligence (right hand)
Scrolls
 b - a scroll of enchant armour
 o - a scroll of teleportation
 p - a scroll of enchant weapon
 q - a scroll of blinking
 r - a scroll of magic mapping
 w - 3 scrolls of noise
 A - 2 scrolls of torment {unknown}
Potions
 c - a potion of mutation {unknown}
 d - 3 potions of degeneration
 e - a potion of lignification {unknown}
 f - 3 potions of curing
 g - 2 potions of cancellation {unknown}
 h - a potion of attraction {unknown}
 i - 2 potions of brilliance {unknown}
 k - 3 potions of magic {unknown}
 m - 4 potions of flight
 n - 3 potions of haste {unknown}


   Skills:
 * Level 7.9 Fighting
 * Level 11.4 Axes
 + Level 2.5 Armour
 + Level 5.3 Dodging
 + Level 3.2 Stealth


You had 8 spell levels left.
You didn't know any spells.
Your spell library was empty.

Dungeon Overview and Level Annotations

Branches:
Dungeon (7/15)             Temple (0/1) D:6           Sewer (visited)

Altars:


Innate Abilities, Weirdness & Mutations

You have a pair of horns on your head.
You reflexively headbutt those who attack you in melee.


Message History

The arrow barely misses you.
You hear a croak.
The orc shouts!
The centaur shoots an arrow.
The arrow hits you!
A bullfrog comes into view.
An orc wizard comes into view. It is wielding a +0 dagger.
A sky beast comes into view.
The orc warrior hits you with a +0 hand axe of freezing!
The orc warrior freezes you.
The orc wizard shouts!
You hit the orc warrior but do no damage.
Your headbutt misses the orc warrior. You hit the orc.
The orc hits you with a +0 short sword.
The orc wizard mumbles some strange words.
The orc wizard flickers and vanishes!
Deactivating autopickup; reactivate with Ctrl-A.
You closely miss the orc. Your headbutt misses the orc.
The orc is almost dead.
You closely miss the orc warrior.
The centaur shoots an arrow.
The arrow hits you!
The orc warrior hits you with a +0 hand axe of freezing!!
* * * LOW HITPOINT WARNING * * *
The orc warrior freezes you.
* * * LOW HITPOINT WARNING * * *
The orc closely misses you.
You are too injured to fight recklessly!
You are too injured to fight recklessly!
You are too injured to fight recklessly!
You are too injured to fight recklessly!
You are too injured to fight recklessly!
You are too injured to fight recklessly!
You are too injured to fight recklessly!
You are too injured to fight recklessly!
You are too injured to fight recklessly!
The centaur shoots an arrow.
The arrow misses you.
The centaur shoots an arrow.
The arrow hits you!
* * * LOW HITPOINT WARNING * * *
The centaur shoots an arrow.
The arrow barely misses you.
The centaur shoots an arrow.
The arrow hits you!
You die...

.... ...##....##.##....
.#.... ..#........##..#
......##......#....#..#
.......#.....# #.....##
......#.c....####..<...##..
......##......#...........#
#......#......#........#...
#....oF..............## ##
#...###o.@.<........#....
## #$..#..............
#...#..###......#...
#......## ##.....##..
.......## #..#...#..
#........ ...#...#
#......... ..# ..#
...........


You could see an orc warrior, a bullfrog, a centaur and an orc.

Vanquished Creatures
  2 ice beasts (D:5)
  A sky beast (D:6)
  3 necrophages
  A centaur (D:6)
  3 ogres
  A phantom (D:5)
  A wyvern zombie (D:6)
  A kobold brigand (D:5)
  2 bullfrogs
  A scorpion (D:6)
  A wyvern skeleton (D:6)
  2 water moccasin skeletons
  A bullfrog zombie (D:6)
  3 hounds
  4 jellies (D:6)
  2 gnoll shamans
  2 orc priests
  Crazy Yiuf (D:6)
  A bullfrog skeleton (D:5)
  2 iguanas
  A hound skeleton (D:5)
  7 gnolls
  8 adders
  12 river rats
  2 shadow imps
  An adder zombie (D:5)
  5 worms
  A dart slug (D:3)
  20 orcs
  12 endoplasms
  7 giant cockroaches
  6 goblins
  6 hobgoblins
  8 jackals
  10 kobolds
  12 quokkas
  15 ball pythons
  19 bats
  7 frilled lizards
  21 rats
215 creatures vanquished.

Notes
Turn   | Place    | Note
-------+----------+-------------------------------------------
     0 | D:1      | oldriver the Minotaur Berserker began the quest for the
                  | Orb.
     0 | D:1      | Reached XP level 1. HP: 19/19 MP: 0/0
   244 | D:1      | Reached XP level 2. HP: 26/27 MP: 1/1
   255 | D:1      | Reached skill level 4 in Axes
  1009 | D:2      | Reached XP level 3. HP: 30/33 MP: 2/2
  1010 | D:2      | Reached ** piety under Trog
  1319 | D:2      | Found a faded altar of an unknown god.
  2043 | D:3      | Reached skill level 5 in Axes
  2063 | D:3      | Reached XP level 4. HP: 22/41 MP: 3/3
  2070 | D:3      | Found a glowing drain.
  2113 | D:3      | HP: 2/41 [quokka (3)]
  2225 | Sewer    | Entered a sewer
  2631 | Sewer    | Reached *** piety under Trog
  3120 | D:3      | Reached skill level 6 in Axes
  3120 | D:3      | Reached XP level 5. HP: 21/47 MP: 4/4
  4431 | D:4      | Noticed an ogre
  4445 | D:4      | Killed an ogre
  4446 | D:4      | Reached skill level 5 in Fighting
  4446 | D:4      | Reached XP level 6. HP: 56/56 MP: 5/5
  4520 | D:4      | Reached skill level 7 in Axes
  5115 | D:4      | Reached **** piety under Trog
  5144 | D:3      | Reached skill level 1 in Stealth
  5561 | D:4      | Reached XP level 7. HP: 42/61 MP: 6/6
  5987 | D:4      | Reached skill level 8 in Axes
  6137 | D:5      | Entered Level 5 of the Dungeon
  6836 | D:5      | Reached skill level 9 in Axes
  6858 | D:5      | Reached XP level 8. HP: 50/71 MP: 7/7
  7396 | D:5      | Identified the +10 hand axe of Spite {holy, rPois rN+ SInv}
  7521 | D:6      | Reached skill level 10 in Axes
  7822 | D:6      | Reached skill level 5 in Dodging
  8379 | D:6      | Reached XP level 9. HP: 55/79 MP: 8/8
  8643 | D:6      | Reached skill level 11 in Axes
  8823 | D:6      | Reached ***** piety under Trog
  9518 | D:6      | Found a runed translucent door.
  9519 | D:6      | Noticed Crazy Yiuf
  9652 | D:6      | Found a staircase to the Ecumenical Temple.
  9742 | D:6      | Killed Crazy Yiuf
 10093 | D:7      | HP: 1/81 [centaur/arrow (10)]
 10095 | D:7      | Shot with an arrow by a centaur

Illustrated notes

Levels and vault maps discovered:
D:1:      heliophobic_arrival_ceremonial_halls, layout_loops_ring,
          minmay_circled_x
D:2:      layout_basic, basic_ecumenical_altar
D:3:      layout_basic, portal_sewer_entry_a
D:4:      layout_loops_ring, grunt_ministairs_14, minmay_manual_moon
D:5:      layout_basic
D:6:      lemuel_ratsnest, layout_loops_ring,
          minmay_temple_entry_enclosed_plants, uniq_crazy_yiuf_cottage
D:7:      layout_cave_pools, serial_shops, shop

Skill      XL: |  1  2  3  4  5  6  7  8  9 |
---------------+----------------------------+-----
Fighting       | 4 5 6 7 |  7.9
Axes           | 4 5 6 7 9 10 11 | 11.4
Dodging        | 3 4 5 |  5.3
Stealth        | 1 2 3 |  3.2
Armour         | |  2.5

Action                   |  1- 3 |  4- 6 |  7- 9 || total
-------------------------+-------+-------+-------++-------
Melee: Hand axe          |    80 |   161 |   314 ||   555
       Headbutt          |    13 |    22 |    66 ||   101
Invok: Berserk           |       |     2 |       ||     2
  Use: Scroll            |     4 |       |     6 ||    10
       Potion            |       |     1 |     1 ||     2
 Stab: Sleeping          |     1 |     3 |    11 ||    15
       Distracted        |       |       |     1 ||     1
Armor: Animal skin       |    14 |    35 |       ||    49
       Robe              |       |     9 |    43 ||    52
Dodge: Dodged            |    57 |   133 |   137 ||   327

Table legend: (Time is in decaauts)
 A = Elapsed time spent in this place.
 B = Non-inter-level travel time spent in this place.
 C = Inter-level travel time spent in this place.
 D = Time resting spent in this place.
 E = Time spent auto-exploring this place.
 F = Levels seen in this place.
 G = Mean time per level.
                   A        B        C        D        E       F      G
               +--------+--------+--------+--------+--------+-----+--------+
         Total |  10219 |   9986 |    233 |   2868 |   5650 |   8 | 1277.4 |
       Dungeon |   9249 |   9016 |    233 |   2671 |   5126 |   7 | 1321.3 |
         Sewer |    970 |    970 |      0 |    197 |    524 |   1 |  970.0 |
               +--------+--------+--------+--------+--------+-----+--------+

Top non-repeatable levels by time:
     D:6: 2608 daAuts
     D:4: 1868 daAuts
     D:3: 1558 daAuts
     D:5: 1263 daAuts
   Sewer: 970 daAuts
     D:1: 969 daAuts
     D:2: 958 daAuts
     D:7: 24 daAuts
